 Dungeon Crawl Stone Soup version 0.25-a0-479-g8579842fd4 (webtiles) character file.

Game seed: 4221077781443634387, levelgen mode: deterministic

1730 Alarak the Fighter (level 9, 0/91 HPs)
             Began as a Hill Orc Fighter on Feb 9, 2020.
             Was an Initiate of Qazlal.
             Slain by Duvessa
             ... wielding a +0 short sword
              (10 damage)
             ... on level 6 of the Dungeon.
             The game lasted 00:15:51 (4683 turns).

Alarak the Fighter (Hill Orc Fighter)               Turns: 4683, Time: 00:15:52

Health: 0/91       AC:  7    Str: 27    XL:     9   Next: 5%
Magic:  9/9        EV: 10    Int:  8    God:    Qazlal [......]
Gold:   318        SH:  0    Dex: 10    Spells: 8/8 levels left

rFire    . . .     SeeInvis .   m - +3 quarterstaff (chaos)
rCold    . . .     Gourm    .   (shield currently unavailable)
rNeg     . . .     Faith    .   y - +0 scale mail (curse)
rPois    .         Spirit   .   (no helmet)
rElec    .         Reflect  .   (no cloak)
rCorr    .         Harm     .   (no gloves)
MR       .....                  (no boots)
Stlth    ..........             (no amulet)
HPRegen  0.25/turn              o - +5 ring of strength
MPRegen  0.11/turn              (no ring)

@: hasted, very quick
A: no striking features
a: Renounce Religion


You were on level 6 of the Dungeon.
You worshipped Qazlal.
Qazlal was noncommittal.
You were not hungry.

You visited 2 branches of the dungeon, and saw 7 of its levels.
You also visited: Ossuary.

You collected 318 gold pieces.

Inventory:

Hand Weapons
 a - a +0 war axe
 m - a +3 quarterstaff of chaos (weapon)
Armour
 b - a +0 scale mail
 c - a +0 shield
 n - a +0 cloak
 u - a cursed +0 buckler
 y - a cursed +0 scale mail (worn)
Jewellery
 o - a +5 ring of strength (left hand)
Wands
 z - a wand of digging (2)
Scrolls
 e - 9 scrolls of identify {unknown}
 g - 6 scrolls of remove curse {unknown}
 i - 2 scrolls of fear {unknown}
 j - 3 scrolls of teleportation {unknown}
 k - 3 scrolls of magic mapping {unknown}
 p - a scroll of blinking {unknown}
 v - a scroll of amnesia {unknown}
Potions
 d - a potion of might
 h - 3 potions of curing
 l - a potion of lignification {unknown}
 q - a potion of berserk rage {unknown}
 r - 2 potions of haste
 s - a potion of brilliance {unknown}
 t - 3 potions of flight {unknown}
 w - a potion of cancellation {unknown}
 A - a potion of mutation {unknown}
Miscellaneous
 x - a fan of gales
Comestibles
 f - 12 rations


   Skills:
 + Level 12.4 Fighting
 - Level 5.1 Axes
 + Level 4.7 Armour
 - Level 3.2 Shields


You had 8 spell levels left.
You didn't know any spells.
Your spell library was empty.

Dungeon Overview and Level Annotations

Branches:
Dungeon (6/15)             Temple (1/1) D:6         Ossuary (visited)

Altars:
Ashenzari
Dithmenos
Elyvilon
Fedhas
Gozag
Hepliaklqana
Kikubaaqudgha
Makhleb
Nemelex Xobeh
Okawaru
Qazlal
Ru
Sif Muna
Trog
Uskayaw
Vehumet
Wu Jian
Xom
Yredelemnul
Zin
The Shining One

Annotations:
D:6 Duvessa


Message History

Duvessa barely misses you.
It was a potion of curing.
You feel better. The scorpion stings you.
Duvessa hits you with a +0 short sword!
* * * LOW HITPOINT WARNING * * *
You thump Duvessa! You freeze Duvessa.
Duvessa is moderately wounded.
Duvessa hits you with a +0 short sword.
* * * LOW HITPOINT WARNING * * *
The scorpion misses you. Duvessa hits you with a +0 short sword!
* * * LOW HITPOINT WARNING * * *
The scorpion closely misses you.
It was a potion of haste.
You feel yourself speed up. Duvessa hits you with a +0 short sword.
* * * LOW HITPOINT WARNING * * *
Duvessa hits you but does no damage. The scorpion stings you.
* * * LOW HITPOINT WARNING * * *
Duvessa rages.
You feel better. Duvessa hits you with a +0 short sword!
You die...

..... #......#...........# ..
.. #......#.#####+###.# ...
#......#.##.....##.#
....######.#.##.....##..
....######.#.#P...P.##..
#..........#...P.P......
#..........'....>..####.
#..........#.#...P.#####
#......@...#.#..........
#......e...#........<...
#..........#####.[......
#..........# #........
#....s.....# #........
#..........# #........
#..........# #........
#.....)....#####........
......)......................


You could see Duvessa (berserk) and a scorpion.

Vanquished Creatures
  Pikel (D:4)
  2 slaves (D:4)
  An ice beast (D:5)
  A black bear (D:6)
  2 ogres
  A bullfrog (D:6)
  Dowan (D:6)
  2 howler monkeys (D:5)
  A vampire bat (D:4)
  2 crimson imps
  4 hounds
  Crazy Yiuf (D:2)
  2 orc wizards (D:5)
  2 iguanas (D:5)
  5 worker ants
  2 big kobold zombies (Ossuary)
  A killer bee zombie (D:5)
  A hound zombie (D:6)
  2 mummies (Ossuary)
  4 adders
  A shadow imp (D:6)
  An adder skeleton (D:5)
  5 adder zombies (Ossuary)
  6 worms
  A dart slug (D:1)
  3 leopard geckos
  4 orcs
  4 bats
  4 bat skeletons (D:4)
  2 bat zombies (D:4)
  5 giant cockroaches
  A gnoll zombie (Ossuary)
  7 goblins
  4 hobgoblins
  2 jackals (D:4)
  A quokka (D:2)
  A ball python (D:2)
  3 frilled lizards
  A goblin zombie (D:5)
  2 hobgoblin zombies (Ossuary)
  13 kobolds
  4 kobold zombies (Ossuary)
  9 orc zombies (Ossuary)
  3 rats
  A rat zombie (D:5)
126 creatures vanquished.

Vanquished Creatures (collateral kills)
  A jelly (D:6)
1 creature vanquished.

Grand Total: 127 creatures vanquished

Notes
Turn   | Place    | Note
-------+----------+-------------------------------------------
     0 | D:1      | Alarak the Hill Orc Fighter began the quest for the Orb.
     0 | D:1      | Reached XP level 1. HP: 19/19 MP: 1/1
   197 | D:1      | Reached XP level 2. HP: 20/27 MP: 2/2
   640 | D:2      | Reached XP level 3. HP: 30/33 MP: 3/3
   665 | D:2      | Reached skill level 4 in Fighting
  1022 | D:2      | Reached XP level 4. HP: 38/40 MP: 4/4
  1067 | D:2      | Found a shimmering altar of Xom.
  1079 | D:2      | Found a shimmering altar of Xom.
  1100 | D:2      | Found a shimmering altar of Xom.
  1137 | D:2      | Found a runed translucent door.
  1138 | D:2      | Noticed Crazy Yiuf
  1151 | D:2      | Killed Crazy Yiuf
  1151 | D:2      | Reached skill level 5 in Axes
  1371 | D:3      | Found a hide-covered altar of Uskayaw.
  1508 | D:3      | Reached XP level 5. HP: 46/47 MP: 5/5
  1939 | D:4      | Reached skill level 5 in Fighting
  2030 | D:4      | Noticed an ogre
  2035 | D:4      | Killed an ogre
  2035 | D:4      | Reached skill level 6 in Fighting
  2386 | D:4      | Reached XP level 6. HP: 57/57 MP: 6/6
  2446 | D:4      | Noticed Pikel
  2446 | D:4      | Noticed a slave
  2446 | D:4      | Noticed a slave
  2446 | D:4      | Noticed a slave
  2446 | D:4      | Noticed a slave
  2452 | D:4      | Killed a slave
  2462 | D:4      | Killed Pikel
  2462 | D:4      | Reached skill level 9 in Fighting
  2462 | D:4      | Reached XP level 7. HP: 49/70 MP: 7/7
  2568 | D:4      | Found an ancient bone altar of Kikubaaqudgha.
  2631 | D:5      | Entered Level 5 of the Dungeon
  2753 | D:5      | Reached skill level 10 in Fighting
  2753 | D:5      | Reached XP level 8. HP: 68/79 MP: 8/8
  2760 | D:5      | Found a sacrificial altar of Ru.
  3009 | D:5      | Reached skill level 11 in Fighting
  3242 | D:5      | Found a sand-covered staircase.
  3249 | Ossuary  | Entered an ossuary
  3833 | D:6      | Found a staircase to the Ecumenical Temple.
  3850 | Temple   | Entered the Ecumenical Temple
  3958 | Temple   | Became a worshipper of Qazlal Stormbringer
  4131 | D:6      | Reached skill level 12 in Fighting
  4473 | D:6      | Reached XP level 9. HP: 90/90 MP: 9/9
  4661 | D:6      | Noticed Duvessa
  4661 | D:6      | Noticed Dowan
  4668 | D:6      | Killed Dowan
  4675 | D:6      | HP: 2/91 [scorpion (3)]
  4683 | D:6      | Slain by Duvessa

Levels and vault maps discovered:
D:1:      saegor_arrival_under_anarchy, layout_basic
D:2:      layout_basic, xom_redecorated, uniq_crazy_yiuf_cottage
D:3:      layout_basic, lemuel_crystal_altar
D:4:      layout_loops_corners, kennysheep_vampire_church,
          minmay_large_rounded_square, grunt_tough_drop, uniq_pikel
D:5:      minmay_angry_zag, layout_basic, enter_ossuary_4, first_ration,
          minmay_strange_pillars, minmay_fountain_box, hangedman_ru_absence
D:6:      layout_basic, minmay_temple_entry_overgrown, uniq_duvessa
Temple:   dpeg_five_rooms_temple

Skill      XL: |  1  2  3  4  5  6  7  8 |
---------------+-------------------------+-----
Axes           | 3 4 5 |  5.1
Fighting       | 4 6 9 10 12 | 12.4
Armour         | 4 |  4.7
Shields        | |  3.2

Action                   |  1- 3 |  4- 6 |  7- 9 || total
-------------------------+-------+-------+-------++-------
Melee: War axe           |   129 |    14 |       ||   143
       Quarterstaff      |       |    73 |   202 ||   275
  Use: Potion            |       |       |     3 ||     3
 Stab: Paralysed         |       |       |     2 ||     2
  Eat: Chunk             |     1 |     4 |     8 ||    13
Armor: Scale mail        |    80 |    33 |   115 ||   228
Dodge: Dodged            |    77 |    44 |   119 ||   240

Table legend:
 A = Non-vault XP
 B = Vault XP
 C = Vault XP percentage of total XP
 D = Non-vault monster count
 E = Vault monster count
 F = Vault count percentage of total count
                 A         B        C        D         E       F
            +---------+---------+-------+---------+---------+-------
      Total |    1390 |    1082 |  43.8 |      83 |      42 |  33.6
            +---------+---------+-------+---------+---------+-------
        D:1 |      28 |       0 |   0.0 |      16 |       0 |   0.0
        D:2 |      66 |      42 |  38.9 |      28 |       1 |   3.4
        D:3 |      33 |       0 |   0.0 |      10 |       0 |   0.0
        D:4 |     172 |     697 |  80.2 |       7 |       9 |  56.2
        D:5 |     619 |     146 |  19.1 |      12 |       6 |  33.3
        D:6 |     472 |      66 |  12.3 |      10 |       1 |   9.1
    Ossuary |       0 |     131 | 100.0 |       0 |      25 | 100.0
            +---------+---------+-------+---------+---------+-------
